Map: Rozkwit ER

Players

BaconStrumpa

  • Race: Zerg Zerg
  • League: Gold
  • Spawn Location: 9:00

lurigan

  • Race: Terran Terran
  • League: Platinum
  • Spawn Location: 6:00

Legol - Winner!

  • Race: Protoss Protoss
  • Spawn Location: 12:00

jado - Winner!

  • Race: Terran Terran
  • League: Platinum
  • Spawn Location: 3:00

VOD

Have the link to the VOD?

Description

Time

  • Played on: Dec. 26, 2019, 4:09 p.m.
  • Length: 10:21
Show
View Real Time Build Order
Export as new Build Order

BaconStrumpa Zerg 

Build Orders: Pool First 

Get SALT Encoding   

  12  0:02  Drone  
  13  0:13  Overlord  
  13  0:21  Drone  
  14  0:32  Drone x2  
  16  0:37  Drone  
  17  0:51  Spawning Pool  
  17  0:52  Drone  
  17  1:00  Drone  
  18  1:16  Hatchery  
  17  1:21  Extractor  
  17  1:22  Drone x2  
  18  1:30  Drone  
  19  1:48  Queen  
  19  1:51  Zergling x2  
  22  1:59  Overlord  
  22  2:23  Metabolic Boost  
  22  2:24  Queen  
  22  2:25  Zergling x4  
  22  2:26  Zergling x2  
  27  2:33  Queen  
  27  2:35  Overlord  
  29  2:37  Drone  
  29  2:41  Drone  
  31  2:48  Drone  
  32  2:57  Zergling x2  
  33  3:11  Drone x5  
  38  3:21  Drone x2  
  38  3:25  Drone  
  40  3:41  Lair  
  40  3:43  Drone x3  
  43  3:48  Extractor  
  43  3:53  Overlord  
  43  3:55  Drone  
  43  4:02  Overlord x2  
  43  4:11  Evolution Chamber  
  43  4:16  Evolution Chamber  
  41  4:39  Zergling x2  
  41  4:40  Zergling x4  
  41  4:44  Zerg Ground Armor Level 1, Zerg Missile Weapons Level 1  
  40  5:07  Drone  
  40  5:08  Drone x7  
  40  5:09  Drone x5  
  53  5:14  Extractor  
  53  5:15  Extractor  
  53  5:17  Spore Crawler  
  53  5:18  Spine Crawler  
  53  5:21  Drone x2  
  51  5:52  Overseer  
  51  6:07  Hydralisk Den  
  50  6:17  Zergling x12  
  56  6:31  Hatchery  
  55  6:40  Zerg Ground Armor Level 2, Zerg Missile Weapons Level 2  
  55  6:53  Hydralisk x5  
  55  6:54  Hydralisk  
  67  7:02  Baneling Nest  
  66  7:14  Zergling x2  
  66  7:15  Zergling x2  
  68  7:24  Overlord x3  
  68  7:25  Overlord  
  26  8:45  Drone x2  
  26  8:46  Drone x4  
Show
View Real Time Build Order
Export as new Build Order

lurigan Terran 

Build Orders:  

Get SALT Encoding   

  12  0:03  SCV  
  13  0:15  SCV  
  14  0:24  Supply Depot  
  14  0:27  SCV  
  15  0:31  Refinery  
  15  0:46  SCV  
  15  0:49  Barracks  
  16  0:58  SCV  
  16  0:59  Refinery  
  17  1:10  SCV  
  18  1:22  SCV  
  19  1:34  SCV  
  19  1:36  Barracks Reactor  
  20  1:42  Factory  
  20  1:47  SCV  
  21  1:59  Orbital Command  
  21  2:25  Command Center  
  21  2:33  Supply Depot  
  21  2:36  Hellion  
  23  2:54  SCV  
  23  2:57  Hellion  
  26  3:12  Supply Depot  
  26  3:14  Hellion  
  26  3:17  SCV  
  26  3:18  Hellion  
  31  3:33  SCV  
  32  3:42  Supply Depot  
  32  3:46  SCV  
  33  3:48  SCV  
  33  3:54  Refinery  
  34  3:57  Refinery  
  34  3:58  SCV  
  34  4:00  SCV  
  36  4:10  SCV  
  36  4:12  SCV  
  38  4:22  SCV  
  38  4:24  Engineering Bay, Factory  
  39  4:25  SCV  
  40  4:34  SCV  
  40  4:37  SCV  
  35  5:22  SCV x2  
  37  5:33  Starport  
  37  5:34  SCV x2  
  39  5:36  Starport  
  39  5:38  Starport  
  39  5:39  Armory  
  39  5:40  Armory  
  39  5:45  Command Center  
  39  5:46  SCV x2  
  41  5:58  SCV x2  
  43  6:10  SCV x2  
  45  6:20  Starport Tech Lab x3  
  45  6:22  SCV x2  
  47  6:29  Terran Vehicle And Ship Armor Level 1, Terran Ship Weapons Level 1  
  43  6:48  Viking  
  43  6:50  Banshee x2  
  43  6:53  Cloaking Field  
  51  6:54  Hyperflight Rotors  
  51  7:05  Missile Turret  
  51  7:21  Banshee  
  48  7:44  Banshee x2  
  54  8:04  Banshee  
  57  8:20  Fusion Core  
  57  8:21  Starport  
  57  8:22  Starport  
  57  8:26  Banshee  
  57  8:27  Banshee  
  60  8:32  Supply Depot  
  63  8:34  Supply Depot  
  61  8:47  Banshee  
  64  9:02  Starport Tech Lab x2  
  64  9:09  Banshee  
  67  9:13  Command Center  
  67  9:19  Command Center  
  85  9:35  Orbital Command  
  91  9:40  Supply Depot  
  91  9:41  Supply Depot  
  91  9:42  Supply Depot  
Show
View Real Time Build Order
Export as new Build Order

Legol Protoss - Winner!

Build Orders:  

Get SALT Encoding   

  12  0:01  Probe  
  13  0:13  Probe  
  14  0:20  Pylon  
  14  0:25  Probe  
  15  0:38  Probe (Chrono Boost), Gateway  
  16  0:49  Probe (Chrono Boost)  
  17  0:54  Probe (Chrono Boost)  
  17  0:55  Assimilator  
  19  1:04  Probe (Chrono Boost)  
  19  1:16  Probe (Chrono Boost)  
  20  1:23  Probe (Chrono Boost)  
  21  1:29  Cybernetics Core  
  21  1:47  Probe  
  22  1:56  Nexus  
  22  1:59  Probe  
  23  2:14  Pylon  
  23  2:16  Warp Gate  
  23  2:26  Assimilator  
  23  2:30  Stalker (Chrono Boost)  
  23  2:33  Probe  
  26  2:57  Robotics Facility  
  26  2:59  Pylon  
  26  3:08  Probe x2  
  28  3:20  Probe x2, Gateway  
  28  3:25  Gateway  
  30  3:27  Gateway  
  30  3:32  Probe  
  30  3:33  Probe  
  32  3:44  Observer (Chrono Boost)  
  32  3:45  Probe x2  
  35  3:57  Probe (Chrono Boost)  
  35  4:01  Immortal  
  35  4:02  Probe (Chrono Boost)  
  37  4:06  Probe (Chrono Boost)  
  37  4:08  Stalker  
  45  4:10  Probe (Chrono Boost)  
  45  4:11  Probe (Chrono Boost)  
  45  4:16  Assimilator  
  45  4:20  Assimilator  
  45  4:21  Probe  
  46  4:26  Stalker x2  
  46  4:28  Stalker  
  52  4:34  Probe x2  
  54  4:43  Pylon  
  54  4:57  Pylon  
  54  5:01  Probe x2, Immortal (Chrono Boost)  
  60  5:16  Forge  
  60  5:20  Probe x2  
  62  5:27  Stalker x4  
  70  5:42  Pylon  
  70  6:00  Probe x2, Warp Prism  
  74  6:06  Photon Cannon  
  74  6:09  Photon Cannon  
  74  6:11  Photon Cannon  
  74  6:14  Stalker x2  
  74  6:15  Photon Cannon  
  78  6:23  Pylon  
  78  6:26  Pylon  
  78  6:28  Pylon  
  78  6:30  Protoss Ground Weapons Level 1 (Chrono Boost)  
  78  7:00  Nexus  
  78  7:03  Pylon  
  78  7:05  Assimilator  
  78  7:09  Assimilator, Twilight Council  
  78  7:10  Probe x2  
  80  7:22  Stalker x4, Probe  
  85  7:23  Probe  
  89  7:37  Gateway  
  89  7:38  Gateway  
  89  7:41  Gateway  
  89  7:52  Zealot x4  
  97  8:13  Charge (Chrono Boost)  
  97  8:16  Immortal (Chrono Boost)  
  101  8:23  Stalker x4  
  109  8:40  Probe x3  
  112  8:48  Templar Archives  
  108  8:50  Zealot x7  
  108  8:52  Probe x3  
  121  9:07  Gateway  
  121  9:10  Gateway  
  121  9:16  Immortal  
  117  9:58  Zealot x3  
  117  9:59  Zealot x2  
  125  10:06  Pylon, Probe x2  
  116  10:07  Probe  
  116  10:08  Pylon  
  116  10:10  Pylon  
  116  10:13  Pylon  
  112  10:15  Pylon  
Show
View Real Time Build Order
Export as new Build Order

jado Terran - Winner!

Build Orders: Reaper Expand 

Get SALT Encoding   

  12  0:02  SCV  
  13  0:15  SCV  
  14  0:22  Supply Depot  
  14  0:27  SCV  
  15  0:43  SCV  
  15  0:46  Barracks  
  16  0:55  SCV  
  17  0:59  Refinery  
  17  1:08  SCV  
  18  1:28  SCV  
  19  1:45  Barracks Reactor  
  20  1:49  Orbital Command  
  20  1:51  Supply Depot  
  19  1:57  Command Center  
  19  2:21  Reaper, Marine  
  21  2:25  SCV  
  22  2:33  Refinery  
  22  2:36  Factory  
  22  2:37  SCV  
  23  2:48  Marine  
  24  2:54  Marine  
  24  2:57  SCV  
  26  3:07  Supply Depot x2  
  26  3:08  Marine  
  26  3:09  SCV  
  28  3:18  SCV  
  29  3:36  SCV  
  29  3:37  SCV, Marine  
  29  3:38  Marine  
  29  3:39  Factory Tech Lab  
  33  3:43  Armory  
  33  3:48  SCV  
  33  3:50  SCV, Starport  
  35  3:59  Marine x2  
  39  4:02  Hellion  
  39  4:04  Infernal Pre-Igniter  
  39  4:08  SCV  
  40  4:14  Orbital Command  
  40  4:26  Marine x2  
  42  4:37  Siege Tank  
  45  4:43  Marine  
  45  4:44  Marine  
  46  4:55  SCV  
  46  4:56  SCV  
  45  5:08  Liberator  
  45  5:19  Marine x2  
  46  5:27  SCV  
  50  5:31  Command Center  
  50  5:36  Engineering Bay, Marine  
  50  5:37  Engineering Bay, Marine  
  50  5:42  SCV x2  
  54  5:45  Refinery  
  54  5:51  Supply Depot  
  54  5:54  Marine  
  55  6:07  Marine  
  56  6:12  Marine  
  56  6:18  SCV x2  
  59  6:20  Refinery  
  59  6:25  Marine  
  60  6:27  Starport Reactor  
  60  6:30  Marine  
  60  6:31  Barracks  
  60  6:32  Barracks  
  61  6:39  SCV  
  62  6:40  SCV  
  62  6:43  Marine  
  64  6:48  Marine  
  64  6:52  SCV  
  66  7:01  Marine  
  66  7:05  Medivac x2  
  66  7:06  Marine  
  72  7:19  Marine  
  72  7:21  Marine x2  
  75  7:23  Marine  
  73  7:32  SCV x3  
  76  7:37  Marine  
  76  7:41  Marine  
  69  7:44  SCV x2  
  69  7:45  Barracks Tech Lab  
  69  7:47  Barracks Reactor  
  69  7:48  Medivac  
  69  7:49  Orbital Command  
  69  7:55  Marine  
  70  7:59  Marine  
  71  8:06  Marine  
  71  8:10  SCV  
  71  8:11  SCV  
  71  8:12  Stimpack, Marine  
  74  8:17  Marine  
  76  8:24  Marine  
  77  8:29  Marine x2  
  77  8:30  Marine  
  80  8:35  Marine  
  79  8:42  Marine  
  79  8:43  SCV x2  
  83  8:49  Orbital Command  
  82  8:57  SCV x2  
  82  8:58  Marine  
  85  9:04  Marine x4  
  85  9:05  Siege Tank, Sensor Tower  
  85  9:07  Supply Depot x2  
  85  9:09  SCV  
  93  9:16  SCV, Marine  
  96  9:17  SCV, Supply Depot  
  96  9:19  Supply Depot  
  96  9:20  Supply Depot  
  96  9:21  SCV  
  96  9:22  Marine x4  
  101  9:28  SCV  
  101  9:29  SCV  
  103  9:33  SCV  
  104  9:40  Siege Tank  
  104  9:41  Medivac x2, Marine x2  
  113  9:48  Supply Depot  
  113  9:51  Barracks  
Tags
 
Add a new tag
Caveats
  • Supply blocks, unpowered buildings, or Contaminate may cause inaccurate times.
  • Supply counts are checked every 10 seconds.